 Dungeon Crawl Stone Soup version 0.31-a0-986-g5e6e4ef867 (webtiles) character file.

Game seed: 14679153836100149605

98 lunkers the Insei (level 5, 0/40 HPs)
             Began as a Meteoran Shapeshifter on Nov 8, 2023.
             Slain by a gnoll
             ... wielding a +0 whip
              (2 damage)
             ... on level 4 of the Dungeon.
             The game lasted 00:03:37 (1047 turns).

lunkers the Insei (Meteoran Shapeshifter)           Turns: 1047, Time: 00:03:38

Health: 0/40       AC:  8    Str: 15    XL:     5   Next: 21%
Magic:  6/6        EV:  7    Int: 11    God:
Gold:   129        SH:  0    Dex: 16    Spells: 4/4 levels left

rFire   . .          .
                       - Unarmed
rCold   . . .        (no shield)
rNeg    . . .        i - +0 chain mail
rPois   .            (helmet currently unavailable)
rElec   .            (cloak currently unavailable)
rCorr   .            (gloves currently unavailable)
SInv    .            (boots currently unavailable)
Will    .....        (no amulet) Stlth
                     (no ring)
HPRegen 0.26/turn    (no ring)
MPRegen 0.10/turn

%: no passive effects
@: beast-form, glowing
A: beast (slay +2), sense surroundings 1, otherworldly, glowing, explore regen
a: Begin Untransformation


You were on level 4 of the Dungeon.
You were a hulking beast.
You visited 1 branch of the dungeon, and saw 4 of its levels.

You collected 129 gold pieces.

Inventory:

Armour
 a - a +0 animal skin
 i - a +0 chain mail (worn)
Talismans
 c - a beast talisman
 d - a flux talisman
Scrolls
 e - 2 scrolls of vulnerability {unknown}
 f - a scroll of enchant weapon {unknown}
 g - 2 scrolls of amnesia {unknown}
 h - 4 scrolls of identify {unknown}
 m - a scroll of teleportation {unknown}
 n - a scroll of revelation {unknown}
Potions
 b - a potion of lignification
 j - a potion of berserk rage {unknown}
 k - a potion of ambrosia {unknown}
 l - 2 potions of curing {unknown}


   Skills:
 - Level 1.1 Fighting
 - Level 2.1 Dodging
 * Level 5.6 Unarmed Combat
 + Level 4.5 Shapeshifting


You had 4 spell levels left.
You didn't know any spells.
Your spell library contained the following spells:

 Spells                   Type           Power      Damage    Failure   Level
 Foxfire                  Conj/Fire      0%         2x1d4     99%         1
 Freeze                   Ice            0%         1d3       99%         1
 Frozen Ramparts          Ice            0%         1d1       100%        3
 Hailstorm                Conj/Ice       0%         3d3       100%        3
 Stone Arrow              Conj/Erth      0%         3d7       100%        3
 Animate Armour           Summ/Erth      0%         N/A       100%        4
 Plasma Beam              Fire/Air       0%         2x1d10    100%        6
 Starburst                Conj/Fire      0%         6d3       100%        6
 Lehudib's Crystal Spear  Conj/Erth      0%         10d2      100%        8


Dungeon Overview and Level Annotations

Branches:
Dungeon (4/15) Zot: 1361
 Temple: D:4-7

Altars:

Annotations:
D:3 2 transporters, kaesle's ghost, amateur HOFi


Innate Abilities, Weirdness & Mutations

You are a hulking beast.
Your limbs bulge with bestial killing power. (Slay +2)
You passively map a small area around you.
You are easily found by Zot.
You glow in the dark.
You regain HP and MP as you explore.


Message History

A gnoll comes into view. It is wielding a +0 whip.
You hear an angry hiss.
There are monsters nearby!
There are monsters nearby!
The gnoll hits you with a +0 whip.
You closely miss the gnoll. The gnoll hits you but does no damage.
The gnoll hits you with a +0 whip.
You hit the gnoll.
The gnoll is moderately wounded.
The gnoll hits you with a +0 whip. The gnoll hits you but does no damage.
You hit the gnoll.
The gnoll is severely wounded.
The gnoll closely misses you. x2
You barely miss the gnoll.
The gnoll is severely wounded.
The gnoll hits you from afar with a +0 spear.
* * * LOW HITPOINT WARNING * * *
The gnoll barely misses you.
You hit the gnoll.
The gnoll is almost dead.
The gnoll hits you but does no damage. The gnoll hits you with a +0 whip.
* * * LOW HITPOINT WARNING * * *
Unknown command.
You hit the gnoll but do no damage.
The gnoll is almost dead.
The gnoll barely misses you. The gnoll hits you with a +0 whip.
* * * LOW HITPOINT WARNING * * *
You hit the gnoll but do no damage.
The gnoll is almost dead.
The gnoll hits you from afar with a +0 spear.
* * * LOW HITPOINT WARNING * * *
The gnoll hits you with a +0 whip.
* * * LOW HITPOINT WARNING * * *
You barely miss the gnoll.
The gnoll is almost dead.
Unknown command.
You closely miss the gnoll. Your punch misses the gnoll.
The gnoll is almost dead.
The gnoll hits you but does no damage. The gnoll hits you with a +0 whip.
You die...

########### #####
#.........# #...####
#.........# #.......
#.........# #.......
#.........#####.......
,
+.............'.......
,
#.........#####.......
#####h#.#.............
,,, #g#.#.########....
gg#.#.#......'.... , ,
,...#.#.#.######.... ,
,....................
,
.....#.#.########....
........#.............
, .#......
#....######.. * ... ,
,....


You could see 3 gnolls.

Vanquished Creatures
  3 gnolls (D:3)
  An adder (D:2)
  7 dart slugs
  7 endoplasms
  3 goblins
  6 hobgoblins
  2 quokkas
  3 ball pythons
  3 bats
  5 kobolds
  4 rats
44 creatures vanquished.

Notes
Turn   | Place    | Note
-------+----------+-------------------------------------------
     0 | D:1      | lunkers the Meteoran Shapeshifter began the quest for the
                  | Orb.
     0 | D:1      | Reached XP level 1. HP: 16/16 MP: 2/2
    31 | D:1      | Reached skill level 4 in Unarmed Combat
    31 | D:1      | Reached XP level 2. HP: 8/23 MP: 3/3
   174 | D:1      | Reached XP level 3. HP: 28/28 MP: 4/4
   280 | D:1      | Found a faded altar of an unknown god.
   503 | D:1      | Glimpsed the power of Zot.
   537 | D:2      | Reached XP level 4. HP: 25/35 MP: 5/5
   558 | D:2      | Reached skill level 5 in Unarmed Combat
   811 | D:3      | Noticed kaesle's ghost (amateur HOFi)
   835 | D:3      | Reached XP level 5. HP: 16/40 MP: 6/6
   846 | D:3      | Found a transporter.
   850 | D:3      | Found a transporter.
  1045 | D:4      | HP: 1/40 [gnoll/+0 whip (5)]
  1047 | D:4      | Slain by a gnoll

Illustrated notes

Levels and vault maps discovered:
D:1:      psy_arrival_dodecagon, layout_basic, ebering_ecumenical_altar_hall,
          nrook_mini_backslash
D:2:      layout_rooms, grunt_ministairs_1, minmay_misc_feat_diagonals
D:3:      layout_rooms, gammafunk_ghost_arena
D:4:      nicolae_cairo_tiling_large_dashed, layout_basic,
          mainiacjoe_overflow_tiny_flanked

Skill      XL: |  1  2  3  4 |
---------------+-------------+-----
Unarmed Combat | 4 5 |  5.6
Shapeshifting  | 4 |  4.5
Fighting       | |  1.1
Dodging        | |  2.1

Action                     |  1- 3 |  4- 6 || total
---------------------------+-------+-------++-------
  Melee: Unarmed           |    57 |    46 ||   103
         Punch             |       |     1 ||     1
 Armour: Animal skin       |    16 |       ||    16
         Chain mail        |    12 |    42 ||    54
  Dodge: Dodged            |    32 |    22 ||    54

Table legend: (Time is in decaauts)
 A = Elapsed time spent in this place.
 B = Non-inter-level travel time spent in this place.
 C = Inter-level travel time spent in this place.
 D = Time resting spent in this place.
 E = Time spent auto-exploring this place.
 F = Levels seen in this place.
 G = Mean time per level.
                   A        B        C        D        E       F      G
               +--------+--------+--------+--------+--------+-----+--------+
         Total |   1037 |   1016 |     21 |      0 |    699 |   4 |  259.2 |
       Dungeon |   1037 |   1016 |     21 |      0 |    699 |   4 |  259.2 |
               +--------+--------+--------+--------+--------+-----+--------+

Top non-repeatable levels by time:
     D:1: 507 daAuts
     D:2: 257 daAuts
     D:3: 227 daAuts
     D:4: 45 daAuts
